 Dungeon Crawl Stone Soup version 0.30-a0-722-g3e6e8c874d (webtiles) character file.

Game seed: 4538121074179761543

28800 avis the Skirmisher (level 12, -10/96 HPs)
             Began as a Demigod Hunter on Jan 26, 2023.
             Mangled by an eight-headed hydra (11 damage)
             ... on level 4 of the Lair of Beasts on Jan 27, 2023.
             The game lasted 01:33:00 (14458 turns).

avis the Skirmisher (Demigod Hunter)               Turns: 14458, Time: 01:33:01

Health: -10/96     AC:  6    Str: 12    XL:     12   Next: 78%
Magic:  16/16      EV: 28    Int: 20    God:
Gold:   46         SH:  0    Dex: 33    Spells: 11/13 levels left

rFire   . . .      SeeInvis .    a - +7 shortbow "Hydra's Undoing" {flame, Int+3}
rCold   . . .      Faith    .    (shield currently unavailable)
rNeg    . . .      Spirit   .    N - +1 leather armour {rPois}
rPois   +          Reflect  .    T - +0 helmet
rElec   .          Harm     .    d - +0 cloak
rCorr   +          Rampage  .    (no gloves)
Will    +....                    (no boots)
Stlth   ++++                     j - amulet of regeneration
HPRegen 1.16/turn                Q - +6 ring of intelligence
MPRegen 0.15/turn                K - ring of resist corrosion

@: marked
A: high MP 1, forlorn, divine attributes
a: no special abilities


You were on level 4 of the Lair of Beasts.
You visited 3 branches of the dungeon, and saw 17 of its levels.

You collected 1145 gold pieces.
You spent 1099 gold pieces at shops.

Inventory:

Hand Weapons
 a - the +7 shortbow "Hydra's Undoing" (weapon) {flame, Int+3}
   (You bought it in a shop on level 7 of the Dungeon)

   Int:       It affects your intelligence (+3).
 b - a +4 shortbow of draining
 w - a +0 heavy falchion
Missiles
 q - 3 poisoned darts
 E - 3 throwing nets
Armour
 d - a +0 cloak (worn)
 N - a +1 leather armour of poison resistance (worn)
 T - a +0 helmet (worn)
Jewellery
 i - a ring of protection from cold
 j - an amulet of regeneration (around neck)
 s - a ring of positive energy
 K - a ring of resist corrosion (right hand)
 Q - a +6 ring of intelligence (left hand)
Wands
 h - a wand of flame (16)
 l - a wand of quicksilver (6)
 v - a wand of iceblast (16)
 C - a wand of paralysis (13)
Scrolls
 c - a scroll of fear
 e - 2 scrolls of poison {unknown}
 f - 3 scrolls of fog
 g - 4 scrolls of magic mapping
 m - 3 scrolls of blinking {unknown}
 o - 4 scrolls of noise {unknown}
 u - 7 scrolls of teleportation {unknown}
 A - 3 scrolls of amnesia {unknown}
 B - 3 scrolls of enchant armour {unknown}
 D - 2 scrolls of enchant weapon {unknown}
 F - a scroll of acquirement {unknown}
 L - a scroll of silence {unknown}
Potions
 k - a potion of flight
 n - a potion of curing
 p - a potion of lignification
 r - a potion of ambrosia {unknown}
 t - 2 potions of cancellation
 I - a potion of brilliance
 J - 2 potions of might
 O - a potion of magic
 S - 2 potions of invisibility
Miscellaneous
 U - a phantom mirror


   Skills:
 - Level 6.0 Fighting
 - Level 14.0 Ranged Weapons
 * Level 13.8 Dodging
 - Level 5.0 Stealth
 - Level 1.0 Spellcasting
 - Level 1.0 Transmutations


You had 11 spell levels left.
You knew the following spells:

 Your Spells              Type           Power      Damage    Failure   Level
e - Wereblood             Tmut           5%         N/A       22%         2

Your spell library contained the following spells:

 Spells                   Type           Power      Damage    Failure   Level
 Beastly Appendage        Tmut           10%        N/A       14%         1
 Apportation              Tloc           2%         N/A       22%         1
 Necrotise                Necr           4%         1d4       22%         1
 Slow                     Hex            4%         N/A       22%         1
 Summon Small Mammal      Summ           4%         N/A       22%         1
 Lesser Beckoning         Tloc           2%         N/A       32%         2
 Spider Form              Tmut/Pois      3%         N/A       47%         3
 Confusing Touch          Hex            1%         N/A       54%         3
 Gell's Gravitas          Tloc           1%         N/A       54%         3
 Teleport Other           Tloc           1%         N/A       54%         3
 Vampiric Draining        Necr           1%         2d6       54%         3
 Animate Dead             Necr           1%         N/A       91%         4
 Summon Ice Beast         Ice/Summ       1%         N/A       91%         4
 Borgnjor's Vile Clutch   Necr/Erth      0%         N/A       99%         5
 Fireball                 Conj/Fire      0%         3d3       99%         5
 Iskenderun's Battlesphe  Conj           1%         2d6       99%         5
 Summon Mana Viper        Hex/Summ       1%         N/A       99%         5
 Conjure Ball Lightning   Conj/Air       0%         3x3d6     100%        6
 Death Channel            Necr           0%         N/A       100%        6
 Monstrous Menagerie      Summ           0%         N/A       100%        7
 Orb of Destruction       Conj           0%         9d5       100%        7


Dungeon Overview and Level Annotations

Branches:
Dungeon (11/15)            Temple (1/1) D:7            Lair (5/5) D:11
    Orc (0/2) D:11
  Swamp: Lair:2-3    Shoals: Lair:2-3     Snake: Lair:2-3    Spider: Lair:2-3
  Slime: Lair:4-5

Shops:
D:3 *(   D:7 (   D:11 *

Annotations:
D:8 3 runed translucent doors, superbruh's ghost, novice MiFi


Innate Abilities, Weirdness & Mutations

You have an increased reservoir of magic. (+10% MP)
You shall have no god before yourself.
Your divine heritage dramatically boosts your attributes as you level up.


Message History

The eight-headed hydra completely misses you.
Fire: a) +7 shortbow "Hydra's Undoing" {flame, Int+3}
Press: ? - help, Q - select action, (/) - cycle Shift-Dir - straight line, f/p - eight-headed hydra
Aim: an eight-headed hydra (87% to hit)
You shoot an arrow. The arrow hits the eight-headed hydra!!
The arrow burns the eight-headed hydra!
The eight-headed hydra is heavily wounded.
The cane toad completely misses you. The eight-headed hydra misses you.
The eight-headed hydra completely misses you.
The eight-headed hydra misses you. The eight-headed hydra bites you.
The eight-headed hydra bites you but does no damage.
The eight-headed hydra misses you.
The eight-headed hydra completely misses you.
The eight-headed hydra bites you.
Fire: a) +7 shortbow "Hydra's Undoing" {flame, Int+3}
Press: ? - help, Q - select action, (/) - cycle Shift-Dir - straight line, f/p - eight-headed hydra
Aim: an eight-headed hydra (heavily wounded, 87% to hit)
You shoot an arrow.
The arrow barely misses the eight-headed hydra.
The cane toad completely misses you. The eight-headed hydra bites you!
* * * LOW HITPOINT WARNING * * *
The eight-headed hydra barely misses you.
The eight-headed hydra misses you. The eight-headed hydra bites you!
* * * LOW HITPOINT WARNING * * *
The eight-headed hydra bites you!
* * * LOW HITPOINT WARNING * * *
The eight-headed hydra barely misses you.
The eight-headed hydra bites you.
* * * LOW HITPOINT WARNING * * *
The eight-headed hydra completely misses you.
Unknown command.
You feel better. The cane toad completely misses you.
A slime creature comes into view.
The eight-headed hydra barely misses you.
The eight-headed hydra completely misses you.
The eight-headed hydra bites you!
* * * LOW HITPOINT WARNING * * *
The eight-headed hydra bites you but does no damage.
The eight-headed hydra bites you!
You die...

#...# ##...## .
J...... ..
...PP ... #...#
....
##...#.....
..#.#..D.......
......F@.......
P....####......
### ..... ....
... .. .


You could see an eight-headed hydra, a slime creature and a cane toad.

Vanquished Creatures
  A hydra (Lair:1)
  A boulder beetle (D:11)
  A two-headed ogre (D:10)
  3 death yaks
  Lodul (D:10)
  3 elephants
  A black mamba (Lair:2)
  A torpor snail (Lair:1)
  A gargoyle (D:11)
  A rime drake (D:11)
  10 cane toads
  7 komodo dragons
  2 kobold demonologists
  Psyche (D:8)
  A tyrant leech (Lair:5)
  A polar bear (Lair:2)
  5 trolls
  A hornet (D:7)
  8 blink frogs (Lair:5)
  Sigmund (D:2)
  A shadow (D:11)
  A vampire (D:6)
  40 yaks
  3 wyverns
  2 vampire mosquitoes (Lair:5)
  A steam dragon (D:6)
  Edmund (D:5)
  2 acid dragons (D:11)
  7 water moccasins
  8 ice beasts
  A black bear (D:5)
  An orc warrior (D:7)
  10 ogres
  7 wolves
  5 centaurs
  15 bullfrogs
  2 kobold brigands
  3 scorpions
  2 necrophages
  7 wights
  11 killer bees
  A vampire bat (D:8)
  3 electric eels (D:10)
  A howler monkey (D:5)
  An orc priest (D:9)
  A bullfrog skeleton (D:3)
  4 hounds
  An iron imp (D:5)
  3 gnoll boudas
  Jessica (D:2)
  2 iguanas
  7 orc wizards
  Robin (D:2)
  4 adders
  9 gnolls
  A howler monkey skeleton (D:3)
  A white imp (D:6)
  2 ufetubi
  2 worms (D:4)
  The ghost of bakla the Sneak, a weakling DsDe (D:3)
  2 dart slugs
  23 orcs
  4 endoplasms
  4 giant cockroaches
  18 goblins
  14 hobgoblins
  11 jackals
  13 kobolds
  4 quokkas
  4 ball pythons
  12 bats
  3 frilled lizards
  4 rats
343 creatures vanquished.

Vanquished Creatures (others)
  8 fungi
  68 plants
76 creatures vanquished.

Grand Total: 419 creatures vanquished

Notes
Turn   | Place    | Note
-------+----------+-------------------------------------------
     0 | D:1      | avis the Demigod Hunter began the quest for the Orb.
     0 | D:1      | Reached XP level 1. HP: 17/17 MP: 3/3
   266 | D:1      | Reached skill level 4 in Ranged Weapons
   292 | D:1      | Reached XP level 2. HP: 24/24 MP: 4/4
   773 | D:2      | Noticed Jessica
   777 | D:2      | Killed Jessica
   778 | D:2      | Reached skill level 1 in Stealth
   778 | D:2      | Reached XP level 3. HP: 21/29 MP: 5/5
  1035 | D:2      | Noticed Sigmund
  1062 | D:2      | Killed Sigmund
  1063 | D:2      | Reached skill level 5 in Ranged Weapons
  1063 | D:2      | Reached XP level 4. HP: 24/38 MP: 6/6
  1063 | D:2      | Reached XP level 5. HP: 28/45 MP: 7/7
  1171 | D:2      | Noticed Robin
  1188 | D:2      | Killed Robin
  2304 | D:3      | Found Gesigu Xaew's Antique Weapon Shoppe.
  2353 | D:3      | Found a transporter.
  2357 | D:3      | Noticed bakla's ghost (weakling DsDe)
  2384 | D:3      | Found a transporter.
  2442 | D:3      | Killed bakla's ghost
  2477 | D:3      | Reached XP level 6. HP: 46/51 MP: 8/8
  2679 | D:3      | Found Caluniph's Assorted Antiques.
  2947 | D:4      | Reached skill level 6 in Ranged Weapons
  3165 | D:3      | Bought a runed shortbow for 150 gold pieces
  3520 | D:4      | Reached XP level 7. HP: 57/57 MP: 9/9
  3660 | D:5      | Entered Level 5 of the Dungeon
  3755 | D:5      | Reached skill level 5 in Dodging
  4604 | D:6      | Reached XP level 8. HP: 63/63 MP: 10/10
  4605 | D:6      | Reached skill level 7 in Ranged Weapons
  4645 | D:6      | Learned a level 2 spell: Wereblood
  4665 | D:6      | Noticed a troll
  4722 | D:6      | Reached skill level 8 in Ranged Weapons
  4780 | D:6      | Noticed Edmund
  4795 | D:5      | Killed Edmund
  4830 | D:6      | Noticed a kobold demonologist
  4832 | D:6      | Noticed a sixfirhy
  4833 | D:6      | Noticed a sixfirhy
  4834 | D:6      | Noticed an ice devil
  4838 | D:6      | Killed a kobold demonologist
  4846 | D:6      | Killed a troll
  4883 | D:6      | Reached XP level 9. HP: 53/69 MP: 11/11
  5268 | D:3      | Bought a fizzy emerald potion for 21 gold pieces
  5268 | D:3      | Bought a fuming silvery potion for 21 gold pieces
  5268 | D:3      | Bought a scroll labelled NOETEHIGEU for 24 gold pieces
  5268 | D:3      | Bought a scroll labelled TUNED GOUCO for 24 gold pieces
  5507 | D:7      | Found a staircase to the Ecumenical Temple.
  5536 | Temple   | Entered the Ecumenical Temple
  5927 | D:7      | Found Tiaphurumn's Weapon Shoppe.
  6363 | D:8      | Reached skill level 9 in Ranged Weapons
  6748 | D:8      | Noticed Psyche
  6752 | D:8      | Killed Psyche
  6950 | D:8      | Reached skill level 10 in Ranged Weapons
  7081 | D:8      | Found a runed translucent gate.
  7082 | D:8      | Found a runed translucent gate.
  7403 | D:8      | Found a runed translucent gate.
  7409 | D:8      | Noticed superbruh's ghost (novice MiFi)
  7710 | Temple   | Upgraded the game from 0.30-a0-718-geaa24f58ff to
                  | 0.30-a0-719-gcc4359ea44
  8129 | D:9      | Reached XP level 10. HP: 78/78 MP: 13/13
  8480 | D:9      | Reached skill level 10 in Dodging
  9249 | D:10     | Entered Level 10 of the Dungeon
  9467 | D:9      | HP: 3/78 [troll (12)]
  9724 | D:10     | Noticed Lodul
  9733 | D:10     | Killed Lodul
 10125 | D:10     | Reached XP level 11. HP: 73/85 MP: 14/14
 10160 | D:10     | Reached skill level 5 in Fighting
 10293 | D:11     | Found a staircase to the Orcish Mines.
 10348 | D:11     | Noticed a two-headed ogre
 10496 | D:10     | Killed a two-headed ogre
 10611 | D:11     | Found a staircase to the Lair.
 10626 | D:11     | Reached skill level 11 in Ranged Weapons
 10651 | D:11     | Found Vanta's General Store.
 10651 | D:11     | Noticed a boulder beetle
 10676 | D:11     | Killed a boulder beetle
 11217 | Lair:1   | Entered Level 1 of the Lair of Beasts
 11338 | Lair:1   | Reached skill level 12 in Ranged Weapons
 11338 | Lair:1   | Reached skill level 1 in Transmutations
 11930 | Lair:1   | Noticed a four-headed hydra
 11941 | Lair:1   | Killed a four-headed hydra
 12512 | D:7      | Bought the +7 shortbow "Hydra's Undoing" {flame, Int+3} for
                  | 859 gold pieces
 12692 | Lair:2   | Reached skill level 5 in Stealth
 12696 | Lair:2   | Reached skill level 1 in Spellcasting
 12776 | Lair:2   | Reached XP level 12. HP: 55/96 MP: 16/16
 13220 | Lair:2   | Reached skill level 13 in Ranged Weapons
 14145 | Lair:1   | Upgraded the game from 0.30-a0-719-gcc4359ea44 to
                  | 0.30-a0-722-g3e6e8c874d
 14243 | Lair:3   | You fall into a shaft and drop 2 floors!
 14243 | Lair:5   | Entered Level 5 of the Lair of Beasts
 14269 | Lair:5   | Reached skill level 14 in Ranged Weapons
 14320 | Lair:5   | HP: 3/96 [cane toad (15)]
 14451 | Lair:5   | Noticed an eight-headed hydra
 14457 | Lair:4   | HP: 3/96 [eight-headed hydra (5)]
 14458 | Lair:4   | HP: 1/96 [eight-headed hydra (8)]
 14458 | Lair:4   | Mangled by an eight-headed hydra

Illustrated notes

Levels and vault maps discovered:
D:1:      wander_arrival_chamber, layout_basic
D:2:      layout_basic, guppyfry_early_orc_mine, uniq_sigmund, uniq_jessica,
          uniq_robin
D:3:      layout_rooms, serial_shops, shop_fountains, nicolae_shop_waterfront,
          gammafunk_ghost_mausoleum
D:4:      layout_basic, mainiacjoe_overflow_alcove_1
D:5:      layout_loops_ring, slow_altar_2
D:6:      layout_gridville, kennysheep_mini, nemelex_diamond_rough_becter,
          kb_rosetta, uniq_edmund
D:7:      wander_river, layout_gridville, minmay_temple_entry_sparse_star,
          serial_shops, nicolae_shop_bloodbath_and_beyond
D:8:      layout_layer_cave, zin_statuary, gammafunk_ghost_icy, roderic_batcave,
          uniq_psyche
D:9:      layout_roguey, kennysheep_opposing_triangles
D:10:     minmay_spotlight, layout_basic, mainiacjoe_overflow_paths,
          kennysheep_boxes, uniq_lodul
D:11:     layout_loops_cross, hellmonk_lair_entry_icy, orc_0_dummy,
          serial_shops, nicolae_shop_waterfront, grunt_gozag_statues
Temple:   nicolae_temple_superstar
Lair:1:   layout_cave_pods, small_statue_intersection, minivault_25,
          serial_bayou_lagoon_b
Lair:2:   layout_cave_pods, chequers_serial_rivers_large_a
Lair:3:   layout_loops_ring, minmay_swamp_entry_wisps,
          spider_nest_entry_funnel_web, serial_bayou, serial_bayou_pond_d,
          serial_bayou_shore_b, serial_bayou_pond_e, serial_bayou_pond_d,
          serial_bayou_ford_a, gammafunk_ghost_necromancy, st_stairs_7,
          minmay_lair_oklob_bushes, infiniplex_staircase_pool_2,
          lemuel_fruit_fields
Lair:4:   layout_layer_cave, minmay_slime_entry_pillars, gammafunk_ghost_arena
Lair:5:   minmay_lair_end_frog_pond, layout_concentric_octagons

Skill      XL: |  1  2  3  4  5  6  7  8  9 10 11 12 |
---------------+-------------------------------------+-----
Fighting       | 2 3 4 6 |  6.0
Ranged Weapons | 4 5 6 8 10 12 14 | 14.0
Dodging        | 3 4 6 8 9 12 13 | 13.8
Stealth        | 1 2 3 4 5 |  5.0
Transmutations | 1 |  1.0
Spellcasting   | 1 |  1.0

Action                     |  1- 3 |  4- 6 |  7- 9 | 10-12 || total
---------------------------+-------+-------+-------+-------++-------
  Melee: Whip              |     1 |       |       |       ||     1
         Dagger            |    28 |    50 |       |       ||    78
         Punch             |       |     1 |       |       ||     1
         Falchion          |       |       |       |     2 ||     2
   Fire: Shortbow          |    67 |   107 |   273 |   705 ||  1152
    Use: Potion            |     1 |       |     1 |     8 ||    10
         Scroll            |       |       |    11 |     8 ||    19
   Stab: Sleeping          |       |     2 |       |       ||     2
 Armour: Leather armour    |     9 |    12 |    19 |    47 ||    87
         Skin              |       |       |    17 |       ||    17
  Dodge: Dodged            |    36 |    60 |   108 |   543 ||   747

Table legend: (Time is in decaauts)
 A = Elapsed time spent in this place.
 B = Non-inter-level travel time spent in this place.
 C = Inter-level travel time spent in this place.
 D = Time resting spent in this place.
 E = Time spent auto-exploring this place.
 F = Levels seen in this place.
 G = Mean time per level.
                   A        B        C        D        E       F      G
               +--------+--------+--------+--------+--------+-----+--------+
         Total |  14567 |  12557 |   2010 |   1368 |   7816 |  17 |  856.9 |
       Dungeon |  11543 |   9841 |   1702 |    965 |   6346 |  11 | 1049.4 |
        Temple |     38 |     33 |      5 |      0 |      0 |   1 |   38.0 |
          Lair |   2985 |   2683 |    302 |    403 |   1470 |   5 |  597.0 |
               +--------+--------+--------+--------+--------+-----+--------+

Top non-repeatable levels by time:
     D:8: 1642 daAuts
  Lair:1: 1555 daAuts
     D:9: 1535 daAuts
     D:2: 1428 daAuts
  Lair:2: 1208 daAuts
     D:7: 1163 daAuts
     D:4: 1045 daAuts
     D:5: 1007 daAuts
    D:10: 999 daAuts
     D:1: 833 daAuts
    D:11: 727 daAuts
     D:3: 633 daAuts
     D:6: 527 daAuts
  Lair:5: 194 daAuts
  Temple: 38 daAuts
